 Dungeon Crawl Stone Soup version 0.21-a0-630-g344d351 (webtiles) character file.

12 Alarkh the Digger (level 2, 18/19 HPs)
             Began as a Demonspawn Earth Elementalist on Dec 26, 2017.
             Got out of the dungeon alive.
             The game lasted 00:00:28 (360 turns).

Alarkh the Digger (Demonspawn Earth Elementalist)    Turns: 360, Time: 00:00:29

Health: 18/19      AC:  2    Str:  8    XL:     2   Next: 20%
Magic:  4/5        EV: 12    Int: 16    God:
Gold:   38         SH:  0    Dex: 13    Spells: 4/5 levels left

rFire    . . .     SeeInvis .   (no weapon)
rCold    . . .     Gourm    .   (no shield)
rNeg     . . .     Faith    .   c - +0 robe
rPois    .         Spirit   .   (no helmet)
rElec    .         Reflect  .   (no cloak)
rCorr    .         Harm     .   (no gloves)
MR       .....                  (no boots)
Stlth    ++........             (no amulet)
HPRegen  0.06/turn              (no ring)
MPRegen  0.09/turn              (no ring)

@: no status effects
A: claws 1
a: no special abilities


You escaped.
You were not hungry.

You visited 1 branch of the dungeon, and saw 1 of its levels.

You collected 38 gold pieces.

Inventory:

Missiles
 b - 16 stones (quivered)
Armour
 c - a +0 robe (worn)
Scrolls
 f - a scroll of teleportation {unknown}
Potions
 g - a potion of degeneration {unknown}
Books
 e - a book of Geomancy

   Spells                             Type                      Level
   a - Sandblast                      Earth                        1
   b - Passwall                       Transmutation/Earth          2
   c - Stone Arrow                    Conjuration/Earth            3
   d - Petrify                        Transmutation/Earth          4
   e - Lee's Rapid Deconstruction     Earth                        5
Comestibles
 a - a chunk of flesh
 d - 3 rations


   Skills:
 - Level 1.7 Dodging
 - Level 1.7 Stealth
 + Level 2.4 Spellcasting
   Level 0.8 Transmutations
 + Level 3.0 Earth Magic


You had 4 spell levels left.
You knew the following spells:

 Your Spells              Type           Power        Failure   Level  Hunger
a - Sandblast             Erth           ##....       5%          1    #......


Dungeon Overview and Level Annotations

Branches:
Dungeon (1/15)

Altars:


Innate Abilities, Weirdness & Mutations

You have sharp fingernails.


Message History

The blast of sand hits the frilled lizard.
You kill the frilled lizard!
b - 17 stones The frilled lizard hisses angrily.
Casting: Sandblast
Confirm with . or Enter, or press ? or * to list all spells.
You can't see any susceptible monsters within range! (Use Z to cast anyway.)
You see here a frilled lizard corpse.
The frilled lizard bites you.
Casting: Sandblast
Confirm with . or Enter, or press ? or * to list all spells.
Aiming: Sandblast
Press: ? - help, Shift-Dir - straight line, f - frilled lizard
Aim: a frilled lizard The blast of sand hits the frilled lizard.
You kill the frilled lizard!
b - 16 stones
There is a staircase leading out of the dungeon here.
Are you sure you want to leave the Dungeon?
This will make you lose the game!
You have escaped!

.......##.^.......###...##.
##+#...#..........+........
+#...#.######(..#........
.................#........
......#.....#....#........
......#.....#....#........
......#.....#.####.......#
......#.....#.# ###...#.#
......#..@..#.##########.#
......#.....#..#.........#
.....#.....#............#
##..#.....#...........##
#..#.....#.............
#..........#######.....
#.#...###### ##..... # #...
#####...... .....
#..........


There were no monsters in sight!

Vanquished Creatures
  A dart slug (D:1)
  A goblin (D:1)
  3 hobgoblins (D:1)
  2 bats (D:1)
  3 frilled lizards (D:1)
  A rat (D:1)
11 creatures vanquished.

Notes
Turn   | Place    | Note
-------+----------+-------------------------------------------
     0 | D:1      | Alarkh the Demonspawn Earth Elementalist began the quest for the Orb.
     0 | D:1      | Reached XP level 1. HP: 13/13 MP: 3/3
   267 | D:1      | Reached skill level 3 in Earth Magic
   267 | D:1      | Gained mutation: You have sharp fingernails. [demonic ancestry]
   267 | D:1      | Reached XP level 2. HP: 19/19 MP: 1/5
   360 | D:$      | Got out of the dungeon alive.

Vault maps used:
D:1:      minmay_arrival_semitransparent

Skill      XL: |  1 |
---------------+----+-----
Earth Magic    | 3 |  3.0
Dodging        | |  1.7
Stealth        | |  1.7
Spellcasting   | |  2.4
Transmutations | |  0.8

Action                   || total
-------------------------++-------
 Cast: Sandblast         ||    14
Armor: Robe              ||     1
Dodge: Dodged            ||     2

Table legend:
 A = Spawn XP
 B = Non-spawn XP
 C = Spawn XP percentage of total XP
 D = Spawn monster count
 E = Non-spawn monster count
 F = Spawn count percentage of total count
 G = Total turns spent on level
                    A         B        C        D         E        F      G
               +---------+---------+-------+---------+---------+-------+---------
         Total |       0 |      18 |   0.0 |       0 |      11 |   0.0 |   360
               +---------+---------+-------+---------+---------+-------+---------
           D:1 |       0 |      18 |   0.0 |       0 |      11 |   0.0 |   360
               +---------+---------+-------+---------+---------+-------+---------
